 Dungeon Crawl Stone Soup version 0.21.1-1-g345015fe64 (webtiles) character file.

108 Lothor the Slasher (level 4, -3/38 HPs)
             Began as a Draconian Berserker on Mar 20, 2018.
             Was a Believer of Trog.
             Killed from afar by Atelerd's ghost (6 damage)
             ... with a magic dart
             ... on level 3 of the Dungeon.
             The game lasted 00:08:28 (3188 turns).

Lothor the Slasher (Draconian Berserker)            Turns: 3188, Time: 00:08:29

Health: -3/38      AC:  5    Str: 20    XL:     4   Next: 58%
Magic:  4/4        EV: 12    Int:  7    God:    Trog [**....]
Gold:   57         SH:  0    Dex: 11    Spells: 3/3 levels left

rFire    . . .     SeeInvis .   a - +0 falchion
rCold    . . .     Gourm    .   (no shield)
rNeg     . . .     Faith    .   (armour unavailable)
rPois    .         Spirit   .   (helmet restricted)
rElec    .         Reflect  .   (no cloak)
rCorr    .         Harm     .   (no gloves)
MR       .....                  (no boots)
Stlth    +.........             (no amulet)
HPRegen  0.12/turn              (no ring)
MPRegen  0.09/turn              (no ring)

@: no status effects
A: unfitting armour, cold-blooded, AC +5
a: Berserk, Trog's Hand, Burn Spellbooks, Renounce Religion


You were on level 3 of the Dungeon.
You worshipped Trog.
Trog was pleased with you.
You were not hungry.

You visited 1 branch of the dungeon, and saw 3 of its levels.

You collected 57 gold pieces.

Inventory:

Hand Weapons
 a - a +0 falchion (weapon)
Missiles
 c - 2 tomahawks (quivered)
Scrolls
 f - 4 scrolls of enchant weapon {unknown}
 h - 13 scrolls of identify {unknown}
 i - a scroll of blinking {unknown}
 j - a scroll of amnesia {unknown}
 k - a scroll of enchant armour {unknown}
 l - a scroll of magic mapping {unknown}
 n - a scroll of remove curse {unknown}
Potions
 d - 3 potions of might {unknown}
 e - a potion of cancellation {unknown}
 g - a potion of ambrosia {unknown}
Books
 o - a book of Misfortune

   Spells                             Type                      Level
   a - Confusing Touch                Hexes                        1
   b - Confuse                        Hexes                        3
   c - Gell's Gravitas                Translocation                3
   d - Petrify                        Transmutation/Earth          4
   e - Metabolic Englaciation         Hexes/Ice                    5
   f - Yara's Violent Unravelling     Hexes/Transmutation          5
   Trog disapproves of the use of such an item.
Comestibles
 b - 2 rations
 m - a chunk of flesh


   Skills:
 - Level 3.2 Fighting
 + Level 5.4 Long Blades
 - Level 2.6 Dodging


You had 3 spell levels left.
You didn't know any spells.

Dungeon Overview and Level Annotations

Branches:
Dungeon (3/15)

Altars:
Dithmenos
Ru
Xom

Annotations:
D:3 Atelerd's ghost, amateur DrCj


Innate Abilities, Weirdness & Mutations

Your plain brown scales are hard. (AC +5)
You cannot fit into any form of body armour.
You are cold-blooded and may be slowed by cold attacks.


Message History

Atelerd's ghost hits you.
You completely miss Atelerd's ghost.
Atelerd's ghost is heavily damaged.
Atelerd's ghost gestures at you while chanting.
The magic dart hits you!
* * * LOW HITPOINT WARNING * * *
You hit Atelerd's ghost.
Atelerd's ghost is severely damaged.
Atelerd's ghost points at you and mumbles some strange words.
The magic dart hits you!
* * * LOW HITPOINT WARNING * * *
You hit Atelerd's ghost.
Atelerd's ghost is severely damaged.
Atelerd's ghost hits you.
* * * LOW HITPOINT WARNING * * *
You closely miss Atelerd's ghost.
Atelerd's ghost is severely damaged.
Atelerd's ghost points at you and mumbles some strange words.
The magic dart hits you!
You die...

##.######......##.##
.#........#######÷#
....####### ##'# .#..#
#..# .# ##..# #..# #.#
##..# #.## #.#
.#..####### #.# #.#
........W.# ###.# #.#
....#####.# ##..@## #.#
....# #.# #...W.###.#
####### ..### #.#
#.........#####<.....
#W#######W#
#......##.......#####
........#.#
##...#.##.#######
#.#####.#.####...#.##.#
#.#####.#...÷.........#
..<.....######...#.####
##.####... ......#


You could see Atelerd's ghost.

Vanquished Creatures
  5 adders
  An ooze (D:1)
  A worm (D:3)
  A dart slug (D:2)
  2 leopard geckos
  4 bats
  A giant cockroach (D:1)
  7 hobgoblins
  4 jackals (D:1)
  3 frilled lizards (D:1)
  9 goblins
  5 kobolds
  10 rats
53 creatures vanquished.

Notes
Turn   | Place    | Note
-------+----------+-------------------------------------------
     0 | D:1      | Lothor the Draconian Berserker began the quest for the Orb.
     0 | D:1      | Reached XP level 1. HP: 19/19 MP: 1/1
   247 | D:1      | Reached XP level 2. HP: 26/26 MP: 2/2
   476 | D:1      | Reached skill level 4 in Long Blades
   515 | D:1      | Reached ** piety under Trog
   541 | D:1      | Reached XP level 3. HP: 30/31 MP: 3/3
  1579 | D:2      | Reached skill level 5 in Long Blades
  1579 | D:2      | Reached XP level 4. HP: 21/38 MP: 4/4
  2046 | D:3      | Noticed Atelerd's ghost (amateur DrCj)
  2280 | D:3      | HP: 1/38 [Atelerd's ghost (5)]
  3136 | D:3      | Found a shimmering altar of Xom.
  3146 | D:3      | Found a shadowy altar of Dithmenos.
  3156 | D:3      | Found a sacrificial altar of Ru.
  3188 | D:3      | Killed from afar by Atelerd's ghost

Skill      XL: |  1  2  3 |
---------------+----------+-----
Long Blades    | 4 5 |  5.4
Fighting       | |  3.2
Dodging        | |  2.6

Action                   |  1- 3 |  4- 6 || total
-------------------------+-------+-------++-------
Melee: Falchion          |   102 |    57 ||   159
       Tailslap          |    10 |    12 ||    22
Invok: Trog's Hand       |       |     1 ||     1
 Stab: Distracted        |     1 |       ||     1
       Sleeping          |       |     1 ||     1
  Eat: Chunk             |     2 |     2 ||     4
       Ration            |       |     1 ||     1
Armor: Skin              |    27 |     8 ||    35
Dodge: Dodged            |    51 |    22 ||    73
       Rpst.: Falchion   |    19 |     6 ||    25
